 Dungeon Crawl Stone Soup version 0.22-a0-278-g8f80174 (webtiles) character file.

473 Firecrotchwizard the Insei (level 7, -11/43 HPs)
             Began as an Octopode Transmuter on Mar 15, 2018.
             Mangled by an ogre
             ... wielding a +0 giant club
              (25 damage)
             ... on level 5 of the Dungeon.
             The game lasted 00:10:27 (4631 turns).

Firecrotchwizard the Insei (Octopode Transmuter)    Turns: 4631, Time: 00:10:28

Health: -11/43     AC:  1    Str:  9      XL:     7   Next: 10%
Magic:  17/19      EV: 13    Int: 17      God:
Gold:   263        SH:  0    Dex: 10 (13) Spells: 4/10 levels left

rFire    . . .     SeeInvis .     - Unarmed
rCold    . . .     Gourm    .   (no shield)
rNeg     . . .     Faith    .   (helmet restricted)
rPois    +         Spirit   .   (no amulet)
rElec    .         Reflect  .   p - ring of poison resistance {rPois, !d}
rCorr    .         Harm     .   k - ring of magical power {MP+9}
MR       .....                  (no ring)
Stlth    +++.......             (no ring)
HPRegen  0.14/turn              (no ring)
MPRegen  0.16/turn              (no ring)
                                (no ring)
                                (no ring)

@: appendage (expiring)
A: almost no armour, stealthy swim, amphibious, 8 rings, constrict 8, tentacle
spike 3, camouflage 1, gelatinous body 1
a: End Transformation


You were on level 5 of the Dungeon.
You were not hungry.
One of your tentacles had a temporary spike.
You visited 1 branch of the dungeon, and saw 5 of its levels.

You collected 263 gold pieces.

Inventory:

Missiles
 a - 22 arrows
Jewellery
 k - a ring of magical power (right tentacle) {MP+9}
   (You found it on level 1 of the Dungeon)
 p - a ring of poison resistance (left tentacle) {rPois, !d}
   (You found it on level 3 of the Dungeon)
Wands
 j - a wand of flame (32)
   (You took it off Natasha on level 4 of the Dungeon)
Scrolls
 b - a scroll of amnesia {unknown}
 d - a scroll of fog
 h - 2 scrolls of blinking {!r}
 o - 4 scrolls of teleportation
 s - a scroll of immolation {unknown}
Potions
 e - a potion of degeneration {unknown}
 f - 3 potions of curing {unknown}
 g - a potion of cancellation {unknown}
 i - a potion of lignification {unknown}
 l - a potion of agility {unknown}
 m - 2 potions of resistance {unknown}
 n - a potion of might {unknown}
 r - a potion of heal wounds {unknown}
Comestibles
 c - 7 rations {@e1}
 q - 6 chunks of flesh {@w0}


   Skills:
 - Level 1.0 Fighting
 - Level 2.8 Dodging
 + Level 3.0 Stealth
 * Level 5.2 Unarmed Combat
 - Level 2.0 Spellcasting
 * Level 4.7 Transmutations
 - Level 2.0 Poison Magic


You had 4 spell levels left.
You knew the following spells:

 Your Spells              Type           Power        Failure   Level  Hunger
a - Beastly Appendage     Tmut           ###...       2%          1    #......
c - Spider Form           Tmut/Pois      ##........   14%         3    ###....
s - Sticks to Snakes      Tmut           ###.....     4%          2    ###....


Dungeon Overview and Level Annotations

Branches:
Dungeon (5/15)
 Temple: D:4-7

Altars:
Kikubaaqudgha
Makhleb
Ru
Trog

Annotations:
D:3 1 runed door
D:4 Edmund, Eustachio


Innate Abilities, Weirdness & Mutations

You cannot wear most types of armour.
You are very stealthy in the water. (Stealth+)
You are amphibious.
You can wear up to eight rings at the same time.
You can use your tentacles to constrict eight enemies at once.
Your skin changes colour to match your surroundings (Stealth+).
Your rubbery body absorbs attacks. (AC +1, EV +1)
One of your tentacles bears a large vicious spike.


Message History

You tentacle-slap the adder. You constrict the adder.
The adder completely misses you.
You barely miss the adder. You constrict the adder. The adder bites you.
The adder barely misses you.
You take 1 damage, and have 34/43 hp.
You tentacle-slap the adder.
You kill the adder!
No target in view!
You start resting.
Eating one of 14 chunks of flesh {@w0}.
You eat one of the 14 chunks of flesh {@w0}.
You regained 5 hp, and now have 39/43 hp.
Some of the chunks of flesh in your inventory have rotted away.
You close the door.
You start resting.
Some of the chunks of flesh in your inventory have rotted away.
Health restored: 43
o - 4 scrolls of teleportation (gained 1)
You open the door.
An adder comes into view.
There is an open door here.
The helpless adder fails to defend itself.
You tentacle-slap the adder. Your grab misses the adder.
Your squeeze misses the adder. The adder closely misses you.
You miss the adder. Your grab misses the adder.
The adder bites you but does no damage.
You barely miss the adder. Your grab misses the adder. The adder misses you.
The adder bites you.
You take 4 damage, and have 39/43 hp.
You tentacle-slap the adder.
You kill the adder!
No target in view!
There is an open door here.
You open the door.
A ball python comes into view.
There is an open door here.
The ball python closely misses you. x2
You tentacle-slap the ball python.
You kill the ball python!
No target in view!
You open the door.
There is an open door here.
s - a scroll labeled ZOBUAR PITEJ You open the door.
There is an open door here.
You open the door.
An adder comes into view.
There is an open door here.
The helpless adder fails to defend itself.
You bludgeon the adder! You grab the adder.
You kill the adder!
Your Stealth skill increases to level 3!
No target in view!
You butcher the adder corpse.
q - 10 chunks of flesh {@w0} (gained 2)
You see here an adder skeleton. x2
There is an open door here.
You open the door.
There is an open door here.
Some of the chunks of flesh in your inventory have rotted away.
Health restored: 43
There is a stone staircase leading down here.
You climb downwards.
There is a stone staircase leading up here.
You now have 249 gold pieces (gained 17).
You now have 263 gold pieces (gained 14).
An ogre comes into view. It is wielding a giant club.
Aim: an ogre, wielding a giant club (hasn't noticed you)
The puff of flame hits the ogre.
The ogre shouts!
Aim: an ogre, wielding a giant club (lightly wounded)
The puff of flame hits the ogre.
One of your tentacles grows a vicious spike.
You now have 18/19 mp.
Aim: an ogre, wielding a giant club (moderately wounded)
The puff of flame hits the ogre.
You create a snake!
You now have 22 arrows.
The ogre barely misses you.
You now have 16/19 mp.
You tentacle-slap the ogre.
Your ball python bites the ogre.
You tentacle-slap the ogre.
Your tentacle spike misses the ogre.
You tentacle-slap the ogre, but do no damage.
Your squeeze misses the ogre. The ogre hits you with a giant club!
Your ball python barely misses the ogre.
You take 16 damage, and have 27/43 hp.
MASSIVE DAMAGE!!
You are too injured to fight recklessly!
You tentacle-slap the ogre.
Your tentacle spike misses the ogre.
Your ball python completely misses the ogre.
The ogre hits you with a giant club!
You take 14 damage, and have 13/43 hp.
MASSIVE DAMAGE!!
You tentacle-slap the ogre but do no damage.
You pierce the ogre.
Your transformation is almost over.
Your ball python bites the ogre.
You tentacle-slap the ogre but do no damage.
You tentacle-slap the ogre, but do no damage.
The ogre hits you with a giant club!!
Ouch! That really hurt!
You die...

############
........<..###
########@....#
#.O......
..S.....#
#.(....#..
#........#
#.##...... #.
.##... #. .#
#.#


You could see an ogre and a friendly ball python.

Vanquished Creatures
  A bullfrog (D:4)
  A crimson imp (D:2)
  A hound (D:4)
  Jessica (D:2)
  A worker ant (D:4)
  An orc wizard (D:2)
  Natasha (thrice) (D:4)
  A hound skeleton (D:4)
  9 adders
  2 oozes
  A worm (D:3)
  A dart slug (D:1)
  2 leopard geckos
  11 orcs
  9 bats
  A giant cockroach (D:2)
  9 goblins
  4 hobgoblins
  2 jackals (D:1)
  7 kobolds
  3 quokkas
  8 ball pythons
  7 frilled lizards
  12 rats
  3 fungi (D:3)
101 creatures vanquished.

Notes
Turn   | Place    | Note
-------+----------+-------------------------------------------
     0 | D:1      | Firecrotchwizard the Octopode Transmuter began the quest for the Orb.
     0 | D:1      | Reached XP level 1. HP: 13/13 MP: 3/3
   251 | D:1      | Reached XP level 2. HP: 18/18 MP: 5/5
   608 | D:1      | Learned a level 2 spell: Sticks to Snakes
  1115 | D:1      | Reached XP level 3. HP: 23/23 MP: 6/6
  1707 | D:2      | Reached skill level 3 in Transmutations
  1765 | D:2      | Reached skill level 4 in Unarmed Combat
  1765 | D:2      | Reached XP level 4. HP: 27/28 MP: 7/7
  1917 | D:2      | Noticed Jessica
  1923 | D:2      | Killed Jessica
  1923 | D:2      | Reached XP level 5. HP: 19/33 MP: 8/8
  2119 | D:2      | Reached skill level 1 in Stealth
  2277 | D:2      | Found a sacrificial altar of Ru.
  2470 | D:3      | Learned a level 3 spell: Spider Form
  2597 | D:3      | Found a burning altar of Makhleb.
  3186 | D:3      | Found a bloodstained altar of Trog.
  3317 | D:3      | Found a runed door.
  3350 | D:4      | Found an ancient bone altar of Kikubaaqudgha.
  3406 | D:4      | Reached skill level 2 in Stealth
  3406 | D:4      | Reached skill level 4 in Transmutations
  3406 | D:4      | Reached skill level 1 in Poison Magic
  3406 | D:4      | Reached XP level 6. HP: 30/38 MP: 9/9
  3607 | D:4      | Noticed Eustachio
  3619 | D:4      | Noticed Edmund
  3631 | D:4      | Noticed Natasha
  3640 | D:4      | HP: 7/38 [Natasha (3)]
  3642 | D:4      | Killed Natasha
  3790 | D:4      | Noticed Natasha
  3802 | D:4      | Killed Natasha
  3822 | D:4      | Noticed Natasha
  4063 | D:4      | Killed Natasha
  4195 | D:4      | Reached skill level 5 in Unarmed Combat
  4207 | D:4      | Found a sacrificial altar of Ru.
  4417 | D:4      | Reached XP level 7. HP: 41/43 MP: 10/10
  4454 | D:4      | Reached skill level 2 in Poison Magic
  4596 | D:4      | Reached skill level 3 in Stealth
  4616 | D:5      | Entered Level 5 of the Dungeon
  4631 | D:5      | Mangled by an ogre

Vault maps used:
D:1:      dpeg_arrival_ratfight
D:2:      minmay_misc_feat_room, nicolae_ru_sacrificial_ziggurat, uniq_jessica
D:3:      bloody_trog, overflow_temple_1_default, minmay_gold_behind_fungi,
          uniq_crazy_yiuf_cottage
D:4:      lemuel_crystal_altar, lemuel_crystal_altar,
          nicolae_overflow_crystal_walls, first_ration, minmay_snake_closets,
          uniq_eustachio, uniq_edmund, uniq_natasha
D:5:      serial_bayou_pond_c, lemuel_tele_altar, uniq_blork_the_orc,
          uniq_grinder

Skill      XL: |  1  2  3  4  5  6  7 |
---------------+----------------------+-----
Transmutations | 3 4 |  4.7
Unarmed Combat | 4 5 |  5.2
Stealth        | 2 3 |  3.0
Poison Magic   | 1 2 |  2.0
Fighting       | |  1.0
Dodging        | |  2.8
Spellcasting   | |  2.0

Action                   |  1- 3 |  4- 6 |  7- 9 || total
-------------------------+-------+-------+-------++-------
Melee: Unarmed           |   102 |   142 |    26 ||   270
       Constrict         |    27 |    38 |     3 ||    68
       Tentacles         |    14 |    23 |     1 ||    38
       Kick              |     4 |    11 |     4 ||    19
       Punch             |     2 |     4 |     2 ||     8
 Cast: Beastly Appendage |     7 |    15 |     2 ||    24
       Sticks to Snakes  |     1 |       |     2 ||     3
Evoke: Wand              |       |       |     3 ||     3
  Use: Scroll            |     5 |     2 |       ||     7
 Stab: Sleeping          |     3 |    10 |     2 ||    15
       Distracted        |       |       |     1 ||     1
  Eat: Chunk             |     3 |     5 |     1 ||     9
       Ration            |       |     1 |       ||     1
Armor: Skin              |    15 |     6 |     3 ||    24
Dodge: Dodged            |    61 |    84 |    19 ||   164

Table legend:
 A = Spawn XP
 B = Non-spawn XP
 C = Spawn XP percentage of total XP
 D = Spawn monster count
 E = Non-spawn monster count
 F = Spawn count percentage of total count
 G = Total turns spent on level
                    A         B        C        D         E        F      G
               +---------+---------+-------+---------+---------+-------+---------
         Total |       0 |     676 |   0.0 |       0 |      98 |   0.0 |  4631
               +---------+---------+-------+---------+---------+-------+---------
           D:1 |       0 |      41 |   0.0 |       0 |      28 |   0.0 |  1312
           D:2 |       0 |     197 |   0.0 |       0 |      30 |   0.0 |  1105
           D:3 |       0 |      31 |   0.0 |       0 |      14 |   0.0 |  1150
           D:4 |       0 |     407 |   0.0 |       0 |      26 |   0.0 |  1049
               +---------+---------+-------+---------+---------+-------+---------

Vault maps used:
D:1:      dpeg_arrival_ratfight
D:2:      minmay_misc_feat_room, nicolae_ru_sacrificial_ziggurat, uniq_jessica
D:3:      bloody_trog, overflow_temple_1_default, minmay_gold_behind_fungi,
          uniq_crazy_yiuf_cottage
D:4:      lemuel_crystal_altar, lemuel_crystal_altar,
          nicolae_overflow_crystal_walls, first_ration, minmay_snake_closets,
          uniq_eustachio, uniq_edmund, uniq_natasha
D:5:      serial_bayou_pond_c, lemuel_tele_altar, uniq_blork_the_orc,
          uniq_grinder

Table legend:
 A = Turns spent in this place as a percentage of turns spent in the entire game.
 B = Non-inter-level travel turns spent in this place as a percentage of non-inter-level travel turns spent in the entire game.
 C = Inter-level travel turns spent in this place as a percentage of turns spent in this place.
 D = Turns resting spent in this place as a percentage of non-inter-level travel turns spent in this place.
 E = Turns spent auto-exploring this place as a percentage of non-inter-level travel turns spent in this place.
 F = Non-inter-level travel turns spent in this place divided by the number of levels of this place that you've seen.
                   A       B       C       D       E      F
               +-------+-------+-------+-------+-------+----------------------
         Total | 100.0 | 100.0 |   1.9 |  34.9 |  48.8 | 908.4
       Dungeon | 100.0 | 100.0 |   1.9 |  34.9 |  48.8 | 908.4
               +-------+-------+-------+-------+-------+----------------------

Table legend:
 A = Kills in this place as a percentage of kills in entire the game.
 B = Kills by you in this place as a percentage of kills by you in the entire game.
 C = Kills by friends in this place as a percentage of kills by friends in the entire game.
 D = Other kills in this place as a percentage of other kills in the entire game.
 E = Experience gained in this place as a percentage of experience gained in the entire game.
 F = Experience gained in this place divided by the number of levels of this place that you have seen.
                   A       B       C       D       E      F
               +-------+-------+-------+-------+-------+----------------------
         Total | 100.0 | 100.0 |   N/A |   N/A | 100.0 | 135.2
       Dungeon | 100.0 | 100.0 |   N/A |   N/A | 100.0 | 135.2
               +-------+-------+-------+-------+-------+----------------------
